 Dungeon Crawl Stone Soup version 0.31-a0-360-gb3e1d13bf4 (webtiles) character file.

Game seed: 7992855524248679021

3126 cforsyth the Prestidigitator (level 9, -4/61 HPs)
             Began as a Gnoll Artificer on July 26, 2023.
             Was a Believer of Hepliaklqana.
             Slain by Gastronok (21 damage)
             ... on level 8 of the Dungeon on July 27, 2023.
             The game lasted 00:14:41 (10321 turns).

cforsyth the Prestidigitator (Gnoll Artificer)     Turns: 10321, Time: 00:14:42

Health: -4/61      AC: 19    Str: 11    XL:     9   Next: 92%
Magic:  16/16      EV:  8    Int: 16    God:    Hepliaklqana [**....]
Gold:   646        SH:  5    Dex: 12    Spells: 17/17 levels left

rFire   . . .        a - +0 demon blade (elec)
rCold   . . .        r - +0 buckler
rNeg    . . .        v - +0 plate armour
rPois   .            C - +1 helmet
rElec   .            E - +0 cloak
rCorr   .            x - +0 pair of gloves
SInv    .            M - +0 pair of boots
Will    ++...        (no amulet) Stlth
                     y - +5 ring of evasion
HPRegen 0.30/turn    J - ring of willpower
MPRegen 0.15/turn

%: no passive effects
@: enlightened, flying
A: reduced essence, fangs 1, strong nose, distributed training
a: Renounce Religion, Recall Ancestor, Ancestor Identity


You were on level 8 of the Dungeon.
You worshipped Hepliaklqana.
Hepliaklqana was pleased with you.
You visited 2 branches of the dungeon, and saw 9 of its levels.

You collected 646 gold pieces.

Inventory:

Hand Weapons
 a - a +0 demon blade of electrocution (weapon)
 b - a +2 sling of freezing
Armour
 r - a +0 buckler (worn)
 v - a +0 plate armour (worn)
 x - a +0 pair of gloves (worn)
 B - a +0 robe of resistance
 C - a +1 helmet (worn)
 E - a +0 cloak (worn)
 M - a +0 pair of boots (worn)
Jewellery
 y - a +5 ring of evasion (left hand)
 G - a ring of magical power
 H - a ring of wizardry
 J - a ring of willpower (right hand)
Wands
 c - a wand of flame (5) (quivered)
 d - a wand of charming (12)
 e - a wand of iceblast (5)
 l - a wand of paralysis (7)
 F - a wand of mindburst (13)
 I - a wand of light (9)
 K - a wand of roots (12)
Scrolls
 f - 10 scrolls of identify {unknown}
 g - 2 scrolls of fear {unknown}
 i - 2 scrolls of amnesia {unknown}
 k - 3 scrolls of fog {unknown}
 m - a scroll of summoning {unknown}
 n - 2 scrolls of enchant weapon {unknown}
 p - 3 scrolls of immolation {unknown}
 t - 5 scrolls of teleportation {unknown}
 w - a scroll of poison {unknown}
 L - a scroll of vulnerability {unknown}
Potions
 h - 3 potions of might
 j - 2 potions of brilliance {unknown}
 o - a potion of lignification
 q - a potion of resistance {unknown}
 s - a potion of mutation {unknown}
 u - a potion of haste {unknown}
 z - a potion of heal wounds {unknown}
 A - 2 potions of enlightenment
 D - 2 potions of attraction {unknown}


   Skills:
 + Level 5.5 Fighting
 + Level 4.8 Short Blades
 + Level 4.8 Long Blades
 + Level 4.8 Axes
 + Level 4.8 Maces & Flails
 + Level 4.8 Polearms
 + Level 4.8 Staves
 + Level 4.8 Ranged Weapons
 + Level 4.8 Throwing
 + Level 6.7 Armour
 + Level 5.5 Dodging
 + Level 5.4 Stealth
 + Level 4.8 Shields
 + Level 4.8 Unarmed Combat
 + Level 4.8 Spellcasting
 + Level 4.0 Conjurations
 + Level 4.0 Hexes
 + Level 4.0 Summonings
 + Level 4.0 Necromancy
 + Level 4.0 Translocations
 + Level 4.0 Transmutations
 + Level 4.0 Fire Magic
 + Level 4.0 Ice Magic
 + Level 4.0 Air Magic
 + Level 4.0 Earth Magic
 + Level 4.0 Poison Magic
 + Level 5.3 Invocations
 + Level 8.2 Evocations
 + Level 4.0 Shapeshifting


You had 17 spell levels left.
You didn't know any spells.
Your spell library contained the following spells:

 Spells                   Type           Power      Damage    Failure   Level
 Cigotuvi's Dreadful Rot  Necr/Pois/Air  32%        N/A       100%        2
 Dispel Undead            Necr           16%        3d10      100%        4
 Death Channel            Necr           8%         N/A       100%        6


Dungeon Overview and Level Annotations

Branches:
Dungeon (8/15)             Temple (1/1) D:4
   Lair: D:8-11

Altars:
Ashenzari
Cheibriados
Elyvilon
Fedhas
Gozag
Hepliaklqana
Kikubaaqudgha
Makhleb
Nemelex Xobeh
Okawaru
Sif Muna
Trog
Uskayaw
Vehumet
Wu Jian
Xom
Yredelemnul
Zin
The Shining One

Shops:
D:8 *

Annotations:
D:8 Gastronok


Innate Abilities, Weirdness & Mutations

Your life essence is reduced to manifest your ancestor. (-10% HP)
You have very sharp teeth.
Your uncanny sense of smell can sniff out nearby items.
Your experience applies equally to all skills.


Message History

Your Poison Magic skill increases to level 4!
Your Shapeshifting skill increases to level 4!
Things that are here:
a +0 dagger; a +0 robe; an orc corpse Gastronok gurgles, "I'll eat you, I will!"
Gastronok wobbles crazily.
You slash Gastronok! You bite Gastronok, but do no damage.
Gastronok is lightly wounded.
Tenoch gestures at Gastronok while chanting.
The puff of frost hits Gastronok!
You hit Gastronok.
Gastronok is lightly wounded.
Tenoch hits Gastronok with a +0 quarterstaff.
Gastronok bites you.
You hit Gastronok but do no damage. You bite Gastronok, but do no damage.
Gastronok is lightly wounded.
Tenoch hits Gastronok with a +0 quarterstaff!
You slash Gastronok!
Gastronok is moderately wounded.
Tenoch hits Gastronok with a +0 quarterstaff!!
Gastronok bites you!!
Tenoch gestures at Gastronok while chanting.
The stone arrow hits Gastronok!
You slash Gastronok!
Gastronok is severely wounded.
Tenoch hits Gastronok with a +0 quarterstaff!
Gastronok waves his eye-stalks in wide circles.
The air twists around and strikes you!!
* * * LOW HITPOINT WARNING * * *
You are too injured to fight recklessly!
You are too injured to fight recklessly!
It was a potion of enlightenment.
You feel very buoyant.
You fly up into the air.
Tenoch hits Gastronok with a +0 quarterstaff.
You slash Gastronok!
Gastronok is almost dead.
Tenoch hits Gastronok with a +0 quarterstaff!
Gastronok bites you!!
You die...

####.#o#.#.# #.... #
#....#.#.#.# #.... #
#..........########## #.#. #
#....#.#.#.#........# #.#. #
######.#.#..........# #
#.#.#..........#
######.#.#.#........######
)o)o...#.#.#####R.........
########........@w....####....
..............).#o#...........
#########.......#.#.######..h.o
####.#..........#.#.# ..o
.....#.##)......#.#.# ..w
####.#.##.......#.#.# #######o#
#.#.##.......#.#R# #........
#.#.##.......#.#.#####.#######
####.#.##.......#
#.h.....h.h....


You could see the friendly Tenoch the battlemage, Gastronok (ally target) and an
orc.

Vanquished Creatures
  Pikel (D:4)
  A water moccasin (D:7)
  An orc warrior (D:6)
  2 centaurs
  2 lemures (D:4)
  3 kobold brigands
  2 scorpions
  A bullfrog (D:6)
  3 howler monkeys
  A gnoll bouda (D:4)
  3 jellies
  5 orc priests
  A hound (D:4)
  An iguana (D:5)
  3 sleepcaps
  5 orc wizards
  8 adders
  8 gnolls
  A shadow imp (D:4)
  A white imp (D:6)
  2 ufetubi (D:4)
  24 orcs
  5 bats
  5 endoplasms
  3 giant cockroaches
  5 goblins
  4 hobgoblins
  7 jackals
  4 quokkas
  6 ball pythons
  A frilled lizard (D:1)
  15 kobolds
  7 rats
141 creatures vanquished.

Vanquished Creatures (collateral kills)
  Prince Ribbit (D:8)
  A vampire (D:7)
  An acid dragon (D:7)
  A water moccasin (D:7)
  An orc warrior (D:8)
  A scorpion (D:6)
  A howler monkey (D:8)
  3 hounds
  An orc priest (D:8)
  An iguana (D:7)
  2 orc wizards (D:8)
  A white imp (D:6)
  10 orcs
  6 kobolds
31 creatures vanquished.

Vanquished Creatures (others)
  A battlemage (D:8)
1 creature vanquished.

Grand Total: 173 creatures vanquished

Notes
Turn   | Place    | Note
-------+----------+-------------------------------------------
     0 | D:1      | cforsyth the Gnoll Artificer began the quest for the Orb.
     0 | D:1      | Reached XP level 1. HP: 17/17 MP: 1/1
   126 | D:1      | Reached XP level 2. HP: 22/23 MP: 2/2
   817 | D:1      | Reached XP level 3. HP: 28/28 MP: 3/3
  1216 | D:2      | Reached skill level 1 in Invocations
  1523 | D:2      | Reached skill level 1 in Short Blades
  1523 | D:2      | Reached skill level 1 in Long Blades
  1523 | D:2      | Reached skill level 1 in Axes
  1523 | D:2      | Reached skill level 1 in Maces & Flails
  1523 | D:2      | Reached skill level 1 in Polearms
  1523 | D:2      | Reached skill level 1 in Staves
  1523 | D:2      | Reached skill level 1 in Ranged Weapons
  1523 | D:2      | Reached skill level 1 in Throwing
  1523 | D:2      | Reached skill level 1 in Shields
  1523 | D:2      | Reached skill level 1 in Unarmed Combat
  1523 | D:2      | Reached skill level 1 in Spellcasting
  1593 | D:2      | Reached XP level 4. HP: 25/34 MP: 5/5
  2141 | D:3      | Reached skill level 1 in Conjurations
  2141 | D:3      | Reached skill level 1 in Hexes
  2141 | D:3      | Reached skill level 1 in Summonings
  2141 | D:3      | Reached skill level 1 in Necromancy
  2141 | D:3      | Reached skill level 1 in Translocations
  2141 | D:3      | Reached skill level 1 in Transmutations
  2141 | D:3      | Reached skill level 1 in Fire Magic
  2141 | D:3      | Reached skill level 1 in Ice Magic
  2141 | D:3      | Reached skill level 1 in Air Magic
  2141 | D:3      | Reached skill level 1 in Earth Magic
  2141 | D:3      | Reached skill level 1 in Poison Magic
  2141 | D:3      | Reached skill level 1 in Shapeshifting
  2463 | D:3      | Reached XP level 5. HP: 5/40 MP: 5/7
  3034 | D:4      | Found a staircase to the Ecumenical Temple.
  3078 | Temple   | Entered the Ecumenical Temple
  3099 | Temple   | Became a worshipper of Hepliaklqana the Forgotten
  3182 | D:4      | Found a bloodstained altar of Trog.
  3185 | D:4      | Noticed a centaur
  3204 | D:4      | Killed a centaur
  3470 | D:4      | Reached XP level 6. HP: 47/47 MP: 8/8
  3811 | D:4      | Reached skill level 5 in Armour
  3892 | D:4      | Noticed Pikel
  3917 | D:4      | HP: 2/47 [Pikel/+0 whip of flaming (2)]
  4212 | D:5      | Entered Level 5 of the Dungeon
  5352 | D:4      | Reached XP level 7. HP: 47/52 MP: 10/10
  5524 | D:4      | Reached skill level 7 in Evocations
  5961 | D:5      | Reached * piety under Hepliaklqana
  6686 | D:4      | Found a bloodstained altar of Trog.
  6730 | D:4      | Found a staircase to the Ecumenical Temple.
  6757 | D:4      | Killed Pikel
  6758 | D:4      | Reached XP level 8. HP: 24/54 MP: 11/13
  8039 | D:6      | Paralysed by an orc for 3 turns
  8499 | D:6      | Reached ** piety under Hepliaklqana
  8503 | D:6      | Remembered your ancestor Tenoch as a battlemage
  8660 | D:6      | Reached XP level 9. HP: 50/59 MP: 14/14
  9128 | D:7      | Reached skill level 5 in Fighting
  9128 | D:7      | Reached skill level 5 in Dodging
  9200 | D:7      | Reached skill level 5 in Stealth
  9238 | D:7      | Reached skill level 8 in Evocations
  9549 | D:8      | Found Woinenon's General Store.
  9775 | D:8      | Reached skill level 5 in Invocations
  9838 | D:8      | Noticed Prince Ribbit
  9847 | D:8      | Killed Prince Ribbit
  9877 | D:8      | Noticed Gastronok
 10321 | D:8      | Slain by Gastronok

Illustrated notes

Levels and vault maps discovered:
D:1:      amcnicky_arrival_flooded_fountain, layout_basic
D:2:      layout_loops_ring
D:3:      layout_loops_corners
D:4:      layout_basic, bloody_trog, minmay_temple_entry_junction_2, uniq_pikel
D:5:      layout_layer_cave
D:6:      layout_loops_cross, minivault_1
D:7:      layout_rooms
D:8:      layout_basic, serial_shops, nicolae_shop_window_shopping,
          uniq_prince_ribbit1, uniq_gastronok
Temple:   regret_index_temple_mists

Skill      XL: |  1  2  3  4  5  6  7  8  9 |
---------------+----------------------------+-----
Invocations    | 1 2 3 4 5 |  5.3
Short Blades   | 1 2 3 4 |  4.8
Long Blades    | 1 2 3 4 |  4.8
Axes           | 1 2 3 4 |  4.8
Maces & Flails | 1 2 3 4 |  4.8
Polearms       | 1 2 3 4 |  4.8
Staves         | 1 2 3 4 |  4.8
Ranged Weapons | 1 2 3 4 |  4.8
Throwing       | 1 2 3 4 |  4.8
Shields        | 1 2 3 4 |  4.8
Unarmed Combat | 1 2 3 4 |  4.8
Spellcasting   | 1 2 3 4 |  4.8
Conjurations   | 1 2 3 4 |  4.0
Hexes          | 1 2 3 4 |  4.0
Summonings     | 1 2 3 4 |  4.0
Necromancy     | 1 2 3 4 |  4.0
Translocations | 1 2 3 4 |  4.0
Transmutations | 1 2 3 4 |  4.0
Fire Magic     | 1 2 3 4 |  4.0
Ice Magic      | 1 2 3 4 |  4.0
Air Magic      | 1 2 3 4 |  4.0
Earth Magic    | 1 2 3 4 |  4.0
Poison Magic   | 1 2 3 4 |  4.0
Shapeshifting  | 1 2 3 4 |  4.0
Fighting       | 3 4 5 |  5.5
Dodging        | 3 4 5 |  5.5
Stealth        | 3 4 5 |  5.4
Armour         | 5 6 |  6.7
Evocations     | 7 8 |  8.2

Action                     |  1- 3 |  4- 6 |  7- 9 || total
---------------------------+-------+-------+-------++-------
  Melee: Club              |    59 |       |       ||    59
         Bite              |     6 |    19 |    33 ||    58
         Punch             |     1 |       |       ||     1
         Demon blade       |    42 |   170 |   295 ||   507
   Fire: Sling             |    15 |    23 |       ||    38
 Invoke: Ancestor Life: Ba |       |       |     1 ||     1
  Evoke: Wand              |       |    12 |     1 ||    13
    Use: Potion            |       |     4 |     1 ||     5
   Stab: Sleeping          |     1 |       |       ||     1
         Distracted        |       |       |     2 ||     2
 Armour: Leather armour    |    33 |       |       ||    33
         Plate armour      |       |   134 |   240 ||   374
         Scale mail        |       |     6 |       ||     6
         Skin              |       |    17 |       ||    17
  Dodge: Dodged            |    81 |    63 |   119 ||   263
  Block: Buckler           |    11 |    45 |    74 ||   130

Table legend: (Time is in decaauts)
 A = Elapsed time spent in this place.
 B = Non-inter-level travel time spent in this place.
 C = Inter-level travel time spent in this place.
 D = Time resting spent in this place.
 E = Time spent auto-exploring this place.
 F = Levels seen in this place.
 G = Mean time per level.
                   A        B        C        D        E       F      G
               +--------+--------+--------+--------+--------+-----+--------+
         Total |  10491 |  10098 |    393 |   1573 |   6537 |   9 | 1165.7 |
       Dungeon |  10436 |  10070 |    366 |   1573 |   6537 |   8 | 1304.5 |
        Temple |     55 |     28 |     27 |      0 |      0 |   1 |   55.0 |
               +--------+--------+--------+--------+--------+-----+--------+

Top non-repeatable levels by time:
     D:4: 3698 daAuts
     D:3: 1292 daAuts
     D:5: 1133 daAuts
     D:6: 1012 daAuts
     D:1: 925 daAuts
     D:2: 894 daAuts
     D:8: 883 daAuts
     D:7: 595 daAuts
  Temple: 55 daAuts
